Map: 轉瞬即逝 - 天梯版

Players

wntkdduq

  • Race: Zerg Zerg
  • League: Diamond
  • Spawn Location: 5:00

솔직하게말해서 - Winner!

  • Race: Protoss Protoss
  • Spawn Location: 11:00

VOD

Have the link to the VOD?

Description

Time

  • Played on: Jan. 30, 2020, 3:58 a.m.
  • Length: 19:48
Show
View Real Time Build Order
Export as new Build Order

wntkdduq Zerg 

Build Orders: Hatch First, Lurkers, Roach Hydra 

Get SALT Encoding   

  12  0:01  Drone  
  13  0:12  Overlord  
  13  0:17  Drone  
  14  0:31  Drone  
  15  0:45  Hatchery  
  15  0:49  Drone  
  15  0:53  Drone  
  17  0:57  Drone  
  17  1:03  Drone  
  18  1:11  Extractor  
  17  1:19  Spawning Pool  
  17  1:23  Drone  
  17  1:27  Drone  
  18  1:38  Drone  
  19  1:52  Drone  
  20  2:03  Hatchery  
  20  2:07  Queen  
  21  2:11  Drone  
  21  2:13  Drone  
  23  2:18  Drone  
  24  2:24  Overlord  
  24  2:28  Drone  
  25  2:33  Zergling x2  
  26  2:40  Queen  
  28  2:51  Overlord  
  28  2:52  Drone x3  
  31  3:00  Overlord  
  31  3:02  Metabolic Boost  
  31  3:11  Drone  
  31  3:12  Drone  
  33  3:14  Drone x2  
  33  3:17  Drone  
  36  3:23  Drone  
  37  3:29  Drone x4  
  41  3:34  Drone  
  41  3:35  Queen  
  44  3:43  Zergling x2  
  44  3:45  Drone  
  46  3:52  Extractor  
  46  3:54  Roach Warren  
  46  3:55  Drone x2  
  46  4:03  Overlord  
  46  4:04  Zergling x2, Drone  
  46  4:05  Zergling x2  
  46  4:06  Lair  
  46  4:07  Drone  
  50  4:18  Overlord x2  
  50  4:20  Queen  
  52  4:24  Drone x3  
  52  4:25  Drone  
  52  4:29  Drone  
  52  4:30  Drone  
  58  4:32  Spore Crawler  
  58  4:33  Drone  
  58  4:36  Spore Crawler  
  57  4:38  Drone  
  57  4:39  Drone  
  57  4:44  Drone x3  
  62  4:54  Roach x3  
  62  4:55  Roach x3  
  73  5:01  Overlord  
  73  5:02  Overlord  
  72  5:14  Overlord  
  72  5:18  Queen, Hydralisk Den  
  72  5:20  Overlord x2  
  74  5:21  Evolution Chamber, Drone  
  74  5:22  Extractor  
  74  5:23  Extractor  
  74  5:24  Drone x2  
  73  5:33  Overlord  
  73  5:34  Roach x5  
  73  5:35  Drone  
  84  5:37  Extractor  
  83  5:53  Glial Reconstitution  
  83  5:55  Zergling x10, Drone  
  83  5:56  Drone x2  
  91  6:02  Roach  
  91  6:03  Roach  
  95  6:05  Zergling x2  
  95  6:06  Zergling x2  
  97  6:17  Overseer  
  97  6:21  Hydralisk x3  
  97  6:23  Zergling x2  
  97  6:24  Zergling x6  
  107  6:40  Hydralisk x2  
  107  6:44  Grooved Spines  
  107  6:45  Zerg Missile Weapons Level 1  
  107  6:46  Zergling x10  
  107  6:47  Zergling x2  
  116  6:56  Roach  
  116  6:57  Zergling x2, Roach, Overlord  
  116  6:58  Overlord x2  
  121  7:16  Infestation Pit, Evolution Chamber  
  121  7:17  Hatchery  
  121  7:21  Hydralisk x5  
  128  7:29  Hydralisk x4  
  131  7:41  Drone  
  131  7:42  Drone x2  
  131  7:44  Hydralisk x5  
  134  7:45  Extractor  
  143  7:54  Drone  
  143  7:55  Drone  
  143  7:57  Overseer  
  145  8:14  Overlord x2  
  145  8:15  Overlord x4  
  145  8:19  Muscular Augments  
  145  8:20  Zerg Ground Armor Level 1  
  145  8:21  Lurker Den, Overlord x2  
  145  8:27  Overlord, Drone  
  145  8:28  Drone  
  145  8:29  Drone x2  
  146  8:49  Drone x7  
  146  8:50  Hydralisk x2, Drone x2  
  146  8:52  Hydralisk  
  161  8:56  Zerg Missile Weapons Level 2  
  161  9:03  Queen, Drone x2  
  161  9:06  Pneumatized Carapace  
  165  9:24  Hydralisk x2  
  165  9:26  Hive  
  169  9:33  Extractor  
  169  9:34  Extractor  
  169  9:36  Overseer  
  169  9:37  Hydralisk  
  169  9:38  Hydralisk x8  
  183  10:09  Lurker x2  
  183  10:10  Lurker x4  
  183  10:13  Baneling Nest  
  188  10:15  Extractor  
  188  10:20  Spine Crawler  
  186  10:36  Hydralisk x4  
  186  10:37  Hydralisk x2  
  198  10:44  Seismic Spines  
  198  11:09  Centrifical Hooks  
  198  11:10  Zerg Ground Armor Level 2  
  197  11:15  Spire  
  196  11:36  Hatchery  
  196  11:37  Baneling  
  196  11:38  Baneling x19  
  195  11:41  Adaptive Talons  
  195  11:45  Hydralisk  
  195  11:56  Zerg Missile Weapons Level 3  
  195  11:58  Lurker x2  
  196  12:06  Lurker x2  
  198  12:10  Lurker  
  172  12:39  Hydralisk x5  
  172  12:40  Hydralisk x3  
  186  12:48  Lurker  
  182  12:54  Hydralisk x4  
  141  12:59  Hydralisk x4  
  141  13:00  Hydralisk  
  141  13:01  Zergling x10, Roach  
  141  13:02  Roach x5  
  166  13:06  Greater Spire  
  167  13:12  Lurker  
  167  13:13  Lurker x2  
  167  13:22  Viper  
  168  13:43  Nydus Network  
  166  13:50  Lurker x3  
  166  13:51  Lurker  
  166  13:52  Lurker  
  171  13:56  Drone x3  
  174  14:05  Lurker x3  
  177  14:13  Drone x3  
  180  14:19  Extractor  
  180  14:23  Extractor  
  178  14:39  Zerg Ground Armor Level 3  
  178  14:40  Zerg Melee Weapons Level 1  
  178  14:41  Corruptor x4  
  186  14:49  Drone x3  
  186  14:50  Spine Crawler  
  186  14:51  Spore Crawler  
  187  14:58  Hydralisk x4  
  187  14:59  Zergling x2, Hydralisk  
  183  15:00  Zergling x8  
  177  15:11  Hydralisk x6  
  177  15:16  Hydralisk x5  
  177  15:20  Zergling x2  
  177  15:21  Zergling x10  
  151  15:33  Zergling x2  
  151  15:34  Queen  
  151  15:35  Drone x3  
  135  15:52  Hydralisk  
  135  15:53  Hydralisk x6  
  135  15:54  Hydralisk x2  
  124  15:57  Zergling x2  
  124  16:03  Drone x2  
  127  16:09  Baneling x6  
  127  16:10  Baneling x8  
  127  16:13  Hatchery  
  126  16:23  Overseer  
  126  16:24  Overseer  
  126  16:25  Overseer  
  126  16:43  Corruptor x4  
  126  16:44  Corruptor x2  
  126  16:46  Hydralisk x2, Infestor x2  
  126  16:47  Hydralisk x5  
  132  17:10  Hydralisk x4  
  132  17:11  Hydralisk x2  
  132  17:13  Zergling x8  
  145  17:27  Hydralisk x4  
  145  17:28  Hydralisk x4  
  136  17:58  Hydralisk x8  
  124  18:17  Viper x2  
  127  18:30  Zergling x2  
  127  18:31  Zergling x8  
Show
View Real Time Build Order
Export as new Build Order

솔직하게말해서 Protoss - Winner!

Build Orders: Carriers, Chargelot Immortal 

Get SALT Encoding   

  12  0:00  Probe  
  13  0:12  Probe  
  14  0:19  Pylon  
  14  0:25  Probe  
  15  0:37  Probe (Chrono Boost)  
  16  0:44  Gateway  
  16  0:47  Probe (Chrono Boost)  
  16  0:48  Assimilator  
  17  0:52  Probe (Chrono Boost)  
  18  1:03  Probe  
  19  1:15  Probe  
  20  1:27  Probe  
  21  1:40  Probe  
  21  1:45  Pylon  
  21  1:48  Cybernetics Core  
  21  1:52  Nexus  
  22  2:01  Assimilator, Probe  
  22  2:13  Probe  
  23  2:21  Stalker (Chrono Boost)  
  23  2:25  Warp Gate, Probe  
  26  2:38  Probe  
  26  2:40  Robotics Facility  
  26  2:42  Stalker (Chrono Boost)  
  27  2:50  Probe  
  30  2:52  Pylon  
  30  3:04  Probe (Chrono Boost)  
  32  3:06  Sentry  
  32  3:07  Probe (Chrono Boost)  
  35  3:13  Gateway, Probe (Chrono Boost)  
  35  3:16  Probe (Chrono Boost)  
  35  3:18  Probe (Chrono Boost)  
  36  3:26  Probe  
  38  3:30  Warp Prism (Chrono Boost), Probe  
  41  3:38  Probe  
  42  3:42  Probe  
  42  3:43  Assimilator  
  42  3:45  Assimilator  
  43  3:50  Probe  
  43  3:54  Probe  
  47  4:00  Pylon  
  47  4:02  Probe  
  46  4:11  Probe  
  46  4:14  Stalker, Probe  
  46  4:16  Adept  
  52  4:19  Observer (Chrono Boost)  
  52  4:23  Probe  
  54  4:26  Probe  
  55  4:32  Pylon  
  55  4:35  Probe  
  56  4:39  Probe  
  56  4:40  Immortal (Chrono Boost), Gateway x2  
  56  4:45  Pylon  
  61  5:00  Sentry  
  61  5:01  Sentry  
  61  5:04  Gateway  
  65  5:07  Gateway x2  
  65  5:16  Immortal (Chrono Boost)  
  65  5:20  Gateway  
  69  5:25  Pylon x2  
  69  5:26  Sentry  
  71  5:28  Sentry  
  73  5:44  Immortal (Chrono Boost)  
  73  5:48  Sentry x2  
  81  5:52  Adept  
  83  6:15  Immortal (Chrono Boost)  
  83  6:17  Twilight Council  
  83  6:18  Nexus  
  87  6:19  Forge  
  87  6:23  Probe  
  87  6:25  Pylon  
  88  6:27  Pylon  
  88  6:36  Charge  
  88  6:46  Probe  
  88  6:47  Probe  
  90  6:51  Protoss Ground Weapons Level 1 (Chrono Boost)  
  90  6:56  Immortal  
  90  6:58  Probe  
  90  6:59  Probe  
  95  7:02  Stalker  
  97  7:09  Stalker x4  
  97  7:10  Probe  
  106  7:17  Sentry x2  
  110  7:36  Immortal (Chrono Boost)  
  110  7:37  Shield Battery x2  
  110  7:39  Shield Battery  
  110  7:41  Probe x3  
  117  7:54  Probe x2  
  117  7:55  Probe  
  120  8:03  Pylon  
  120  8:06  Probe  
  120  8:07  Pylon  
  120  8:09  Pylon  
  120  8:11  Zealot x2, Assimilator  
  125  8:14  Pylon  
  125  8:15  Assimilator  
  125  8:16  Pylon  
  125  8:21  Immortal  
  125  8:22  Probe x2  
  131  8:29  Templar Archives  
  131  8:40  Protoss Ground Weapons Level 2 (Chrono Boost)  
  131  8:58  Psionic Storm  
  131  9:02  Immortal  
  135  9:10  Nexus, High Templar x3  
  135  9:11  High Templar  
  135  9:12  Zealot x4  
  135  9:16  Pylon  
  151  9:42  Immortal (Chrono Boost)  
  155  9:47  Zealot x2  
  155  9:48  Zealot x6  
  155  9:51  Pylon  
  155  9:52  Pylon  
  171  9:54  Pylon  
  171  9:57  Pylon  
  161  10:11  High Templar x2  
  161  10:12  High Templar x4  
  161  10:13  High Templar  
  161  10:14  Zealot  
  177  10:16  Warp Prism (Chrono Boost)  
  177  10:19  Archon x2  
  177  10:20  Archon  
  179  10:28  Pylon  
  179  10:31  Shield Battery, Photon Cannon  
  179  10:35  High Templar  
  179  10:41  Archon  
  181  10:51  Zealot  
  181  10:52  Zealot x6  
  181  10:54  Protoss Ground Weapons Level 3 (Chrono Boost)  
  195  10:58  Gateway  
  195  11:00  Gateway  
  195  11:01  Photon Cannon  
  195  11:02  Shield Battery  
  195  11:11  Stargate  
  195  11:14  Stargate  
  195  11:15  Observer (Chrono Boost), Stargate  
  196  11:28  Observer (Chrono Boost)  
  196  11:29  Assimilator  
  197  11:33  Assimilator  
  197  11:41  Probe x2  
  197  11:42  Probe  
  200  11:54  Robotics Bay  
  192  12:18  Zealot x6  
  174  12:37  Zealot x2  
  174  12:38  Zealot x4  
  180  12:45  High Templar x4  
  160  13:04  Probe x3  
  163  13:06  Probe  
  163  13:13  Observer  
  163  13:16  Probe  
  164  13:26  Fleet Beacon  
  164  13:28  Probe  
  164  13:33  Protoss Shields Level 1 (Chrono Boost)  
  165  13:37  Zealot x6  
  165  13:38  Zealot  
  175  13:41  Nexus  
  175  13:42  Pylon  
  175  13:46  Gravitic Boosters (Chrono Boost)  
  175  13:53  Probe x3  
  178  14:03  Pylon  
  178  14:11  Carrier (Chrono Boost)  
  178  14:14  Carrier x2 (Chrono Boost)  
  190  14:28  Shield Battery x2  
  185  14:31  Probe x2  
  185  14:35  Mothership  
  192  14:44  Photon Cannon  
  192  14:46  Shield Battery  
  192  14:48  Observer x2  
  192  14:53  Protoss Air Weapons Level 1 (Chrono Boost)  
  186  15:01  Assimilator  
  186  15:02  Zealot x4  
  186  15:03  Zealot x3  
  186  15:04  Assimilator  
  146  15:25  Carrier (Chrono Boost)  
  146  15:27  Carrier x2 (Chrono Boost)  
  164  15:29  High Templar x4  
  164  15:30  High Templar x5  
  164  15:32  Archon  
  182  15:39  Archon x4  
  182  15:42  Zealot  
  170  15:58  Probe x2  
  172  16:12  Cybernetics Core  
  172  16:16  High Templar x5  
  172  16:17  High Templar  
  172  16:18  Zealot x4  
  192  16:19  Probe x2  
  192  16:20  Probe x2  
  196  16:31  Nexus  
  196  16:36  Observer  
  196  16:49  Protoss Air Armor Level 1 (Chrono Boost)  
  196  16:55  Protoss Air Weapons Level 2 (Chrono Boost)  
  192  17:12  Carrier (Chrono Boost)  
  192  17:14  Pylon  
  198  17:16  Pylon  
  194  17:30  Carrier (Chrono Boost)  
  194  17:48  Carrier  
  179  18:03  Dark Shrine, Carrier  
  182  18:24  Zealot x6  
  182  18:25  Zealot x3  
  197  18:29  Probe x2  
  172  18:34  Nexus  
  166  18:57  Fleet Beacon  
  166  18:59  Zealot x7  
  166  19:00  Zealot x3  
  184  19:10  Assimilator, Probe x2  
  184  19:13  Assimilator  
  184  19:16  Nexus  
  181  19:24  Zealot x7  
Tags
 
Add a new tag
Caveats
  • Supply blocks, unpowered buildings, or Contaminate may cause inaccurate times.
  • Supply counts are checked every 10 seconds.